 Dungeon Crawl Stone Soup version 0.24-a0-433-gbe6fa4f6cc (webtiles) character file.

Game seed: 4740169230160550997

36528 KristoblXynda the Carver (level 13, -1/169 HPs)
             Began as a Pale Draconian Gladiator on June 13, 2019.
             Was a Priest of Ashenzari.
             Killed from afar by a rime drake (19 damage)
             ... with a flash freeze
             ... on level 5 of the Lair of Beasts on June 14, 2019.
             The game lasted 00:37:37 (18847 turns).

KristoblXynda the Carver (DrGl)                    Turns: 18847, Time: 00:37:38

Health: -1/169     AC: 26    Str: 18    XL:     13   Next: 53%
Magic:  20/20      EV:  2    Int: 11    God:    Ashenzari [***...]
Gold:   1125       SH:  0    Dex: 14    Spells: 16/21 levels left

rFire    . . .     SeeInvis +   h - +4 scimitar (flame) (curse)
rCold    . . .     Gourm    .   (no shield)
rNeg     + + +     Faith    .   (armour unavailable)
rPois    +         Spirit   .   (helmet currently unavailable)
rElec    .         Reflect  .   (cloak currently unavailable)
rCorr    +         Harm     .   (gloves currently unavailable)
MR       +....     NoTele   +   (boots currently unavailable)
Stlth    +++.......             (no amulet)
HPRegen  0.38/turn              I - ring of protection from magic
MPRegen  0.17/turn              B - ring of resist corrosion

@: tree-form
A: (breathe steam), unfitting armour, AC +8
a: Curse Item, Scrying, Renounce Religion


You were on level 5 of the Lair of Beasts.
You worshipped Ashenzari.
Ashenzari was most pleased with you.
You were not hungry.
You were a tree.
You visited 3 branches of the dungeon, and saw 17 of its levels.
You also visited: Volcano.

You collected 1125 gold pieces.

Inventory:

Hand Weapons
 h - a cursed +4 scimitar of flaming (weapon)
 C - a +4 long sword of freezing
Missiles
 c - 5 throwing nets (quivered)
 g - 3 javelins
Armour
 u - a +0 pair of boots (melded)
 D - a +0 cloak (melded)
 H - a cursed +1 pair of gloves of archery (melded)
 J - a cursed +2 hat (melded)
 U - a cursed +1 hat of see invisible
Jewellery
 y - an uncursed amulet of magic regeneration
 A - an uncursed ring of see invisible
 B - a ring of resist corrosion (right branch)
 I - a ring of protection from magic (left branch)
 V - an uncursed ring of poison resistance
 W - an uncursed ring of stealth
Wands
 a - a wand of iceblast (4)
 n - a wand of acid (12)
 s - a wand of disintegration (17)
Scrolls
 b - 3 scrolls of fog
 l - a scroll of remove curse
 m - 3 scrolls of teleportation
 x - a scroll of enchant armour
 E - a scroll of fear
 F - 2 scrolls of brand weapon
 G - 2 scrolls of immolation
 L - a scroll of amnesia
 N - a scroll of summoning
 P - a scroll of blinking
 Q - 7 scrolls of identify
 S - a scroll of torment {unknown}
 X - a scroll of vulnerability {unknown}
Potions
 e - 3 potions of invisibility
 f - 2 potions of might
 i - 3 potions of magic
 k - 2 potions of ambrosia
 o - a potion of cancellation
 p - 3 potions of lignification
 q - 13 potions of curing
 r - a potion of berserk rage {unknown}
 t - 2 potions of agility
 v - 4 potions of brilliance
 z - 3 potions of flight
 K - 5 potions of mutation {unknown}
 R - a potion of haste {unknown}
Comestibles
 d - 17 rations


   Skills:
 - Level 10.1 Fighting
 + Level 13.3(15.8) Long Blades
 - Level 2.0 Throwing
 - Level 10.0 Dodging
 + Level 4.7 Stealth
 + Level 4.9 Spellcasting
 + Level 7.9 Air Magic
 + Level 10.2 Evocations


You had 16 spell levels left.
You knew the following spells:

 Your Spells              Type           Power        Failure   Level  Hunger
a - Lightning Bolt        Conj/Air       ##........   75%         5    ######.

Your spell library contained the following spells:

 Spells                   Type           Power        Failure   Level  Hunger
 Shock                    Conj/Air       ##..         4%          1    None
 Swiftness                Chrm/Air       ##......     6%          2    ##.....
 Airstrike                Air            ###.......   9%          4    ####...
 Static Discharge         Conj/Air       ##......     13%         3    ###....
 Animate Skeleton         Necr           N/A          22%         1    None
 Freeze                   Ice            #...         22%         1    None
 Pain                     Necr           #...         22%         1    None
 Throw Frost              Conj/Ice       #.....       32%         2    ##.....
 Ozocubu's Armour         Chrm/Ice       #.......     54%         3    ###....
 Regeneration             Chrm/Necr      #.........   54%         3    ###....
 Vampiric Draining        Necr           #.........   54%         3    ###....
 Animate Dead             Necr           N/A          91%         4    ####...
 Summon Ice Beast         Ice/Summ       #.......     91%         4    ####...
 Throw Icicle             Conj/Ice       #.......     91%         4    ####...


Dungeon Overview and Level Annotations

Branches:
Dungeon (11/15)            Temple (1/1) D:7            Lair (5/6) D:11
  Swamp (0/4) Lair:2       Spider (0/4) Lair:2        Slime (0/5) Lair:5
    Orc: D:9-12

Altars:
Ashenzari
Cheibriados
Dithmenos
Elyvilon
Fedhas
Gozag
Hepliaklqana
Kikubaaqudgha
Makhleb
Nemelex Xobeh
Okawaru
Qazlal
Ru
Sif Muna
Trog
Uskayaw
Vehumet
Wu Jian
Xom
Yredelemnul
Zin
The Shining One

Annotations:
Lair:3 1 runed translucent door, confidenceinterval's ghost, journeyman TrMo


Innate Abilities, Weirdness & Mutations

((You can breathe blasts of scalding, opaque steam.))
((Your pale cyan-grey scales are hard. (AC +8)))
You cannot fit into any form of body armour.
((You are cold-blooded and may be slowed by cold attacks.))


Message History

You kill the hippogriff!
The iceblast engulfs the hippogriff!!!
The hippogriff is almost dead.
You hear an angry hiss. x4
The hippogriff bites you.
* * * LOW HITPOINT WARNING * * *
The hippogriff pecks you but does no damage.
The hippogriff claws you but does no damage.
Unknown command.
You slice the hippogriff!! You burn the hippogriff.
You kill the hippogriff!
You start resting.
A rime drake comes into view.
A rime drake is nearby!
A rime drake is nearby!
A black mamba comes into view.
The black mamba hisses angrily.
The rime drake breathes ice at you. The flash freeze hits you!!
You die...

#.#...................#*
..................(...##
.......................##
..##.........†..........#
#.#**,#...............###
..#***#..#...k.#.......#
...***#..P..†..#......##
...............†#....P#######
..##..#..#....S.♣.......#...##
,,,*P,#..#....P..............#
,<,,,...#..................P##
,,,,###*###.................P##
,,,** #.....PP..#..#......#
,,,* #....#####.####.##### ,,**
#.#### ### #..# *,** ##* ####
**,*


You could see a black mamba and a rime drake.

Vanquished Creatures
  Gastronok (Lair:3)
  A red draconian (Volcano)
  A catoblepas (Lair:4)
  5 hydras
  A centaur warrior (Volcano)
  Erica (D:8)
  2 skeletal warriors (D:11)
  A lindwurm (Lair:4)
  An oklob plant (Lair:4)
  Maurice (D:8)
  4 black mambas
  9 elephants
  5 spiny frogs
  A torpor snail (Lair:3)
  5 komodo dragons
  2 rime drakes (Lair:5)
  A yaktaur (Volcano)
  A merfolk (D:10)
  Grinder (D:6)
  9 hippogriffs
  A dream sheep (Lair:2)
  10 blink frogs
  A bog body (Lair:2)
  2 redbacks (Lair:2)
  3 wyverns
  A vampire (D:10)
  A shadow (D:11)
  25 yaks
  9 fire bats (Volcano)
  Eustachio (D:6)
  5 basilisks
  6 water moccasins
  Duvessa (D:6)
  7 porcupines
  An orc warrior (D:11)
  An ice beast (D:8)
  2 black bears
  3 sky beasts
  7 wolves
  3 ogres
  2 phantoms (D:7)
  3 crocodiles
  12 centaurs
  A big kobold (D:8)
  13 bullfrogs
  A wyvern skeleton (D:9)
  2 scorpions
  Dowan (D:6)
  14 wights
  3 howler monkeys
  5 electric eels
  2 crimson imps
  7 lava snakes (Volcano)
  A centaur zombie (D:10)
  2 hounds
  A bullfrog zombie (D:5)
  7 jellies
  2 orc priests
  Jessica (D:2)
  5 orc wizards
  3 iguanas
  7 worker ants
  5 hell rats (Lair:4)
  A howler monkey zombie (D:7)
  A worker ant zombie (D:5)
  3 gnolls (D:3)
  A howler monkey skeleton (D:10)
  11 adders
  10 oozes
  An adder skeleton (D:8)
  2 adder zombies
  3 worms
  3 dart slugs
  6 leopard geckos
  17 orcs
  2 giant cockroaches
  7 goblins
  8 hobgoblins
  6 jackals
  10 kobolds
  6 quokkas
  2 ball pythons
  4 bats (D:1)
  4 frilled lizards
  A leopard gecko skeleton (D:5)
  10 rats
  12 fungi
374 creatures vanquished.

Vanquished Creatures (others)
  A sky beast (D:6)
  A bullfrog zombie (D:6)
  A ball python (D:6)
  A bush (Lair:5)
  25 fungi
  12 plants
  5 toadstools (D:1)
46 creatures vanquished.

Grand Total: 420 creatures vanquished

Notes
Turn   | Place    | Note
-------+----------+-------------------------------------------
     0 | D:1      | KristoblXynda the Draconian Gladiator began the quest for
                  | the Orb.
     0 | D:1      | Reached XP level 1. HP: 17/17 MP: 1/1
     0 | D:1      | Upgraded the game from 0.24-a0-429-g4608c8fa30 to
                  | 0.24-a0-433-gbe6fa4f6cc
   170 | D:1      | Reached XP level 2. HP: 24/25 MP: 2/2
   375 | D:1      | Reached XP level 3. HP: 27/30 MP: 3/3
   851 | D:2      | Found an ancient bone altar of Kikubaaqudgha.
   861 | D:2      | Reached skill level 4 in Long Blades
   861 | D:2      | Reached XP level 4. HP: 23/38 MP: 4/4
  1235 | D:2      | Noticed Jessica
  1250 | D:2      | Killed Jessica
  1630 | D:3      | Reached XP level 5. HP: 40/45 MP: 5/5
  2396 | D:3      | Reached skill level 5 in Long Blades
  2683 | D:4      | Noticed an ogre
  2695 | D:4      | Reached XP level 6. HP: 47/52 MP: 6/6
  3193 | D:4      | Reached skill level 6 in Long Blades
  3193 | D:4      | Your scales start taking on a pale cyan-grey colour.
  3193 | D:4      | Reached XP level 7. HP: 35/60 MP: 7/7
  3557 | D:5      | Entered Level 5 of the Dungeon
  3728 | D:5      | Reached skill level 5 in Fighting
  3748 | D:5      | Reached skill level 7 in Long Blades
  4462 | D:6      | Noticed Duvessa
  4462 | D:6      | Noticed Dowan
  4466 | D:6      | Noticed Grinder
  4716 | D:6      | Noticed Eustachio
  4743 | D:6      | Killed Dowan
  4743 | D:6      | Reached skill level 5 in Dodging
  4743 | D:6      | Reached XP level 8. HP: 45/69 MP: 8/8
  4751 | D:6      | Killed Eustachio
  4751 | D:6      | Killed Duvessa
  5070 | D:6      | Killed Grinder
  5070 | D:6      | Reached skill level 8 in Long Blades
  5673 | D:7      | Found a staircase to the Ecumenical Temple.
  5740 | Temple   | Entered the Ecumenical Temple
  5754 | Temple   | Became a worshipper of Ashenzari the Shackled
  6087 | D:7      | Found a shimmering altar of Xom.
  6523 | D:7      | Reached XP level 9. HP: 78/78 MP: 9/9
  6540 | D:7      | Reached skill level 9 in Long Blades
  7029 | D:8      | Noticed Erica
  7042 | D:8      | Killed Erica
  7321 | D:8      | Noticed Maurice
  7331 | D:8      | Killed Maurice
  7331 | D:8      | Reached skill level 10 in Long Blades
  7578 | D:8      | Reached skill level 1 in Evocations
  7725 | D:8      | Found an ornate altar of the Wu Jian Council.
  8344 | D:9      | Reached * piety under Ashenzari
  8454 | D:9      | Reached XP level 10. HP: 82/88 MP: 11/11
  9270 | D:10     | Entered Level 10 of the Dungeon
 10380 | D:11     | Noticed a skeletal warrior
 10380 | D:11     | Noticed a skeletal warrior
 10385 | D:11     | Noticed a skeletal warrior
 10386 | D:11     | Noticed a skeletal warrior
 10397 | D:11     | Killed a skeletal warrior
 10405 | D:11     | Killed a skeletal warrior
 10611 | D:11     | Reached skill level 11 in Long Blades
 11008 | D:11     | Reached skill level 5 in Evocations
 11044 | D:11     | Found a staircase to the Lair.
 11239 | Lair:1   | Entered Level 1 of the Lair of Beasts
 11267 | Lair:1   | Reached XP level 11. HP: 85/97 MP: 14/14
 11570 | Lair:1   | Reached skill level 10 in Fighting
 11925 | Lair:1   | Learned a level 5 spell: Lightning Bolt
 12062 | Lair:1   | Noticed a five-headed hydra
 12073 | Lair:1   | Killed a one-headed hydra
 12073 | Lair:1   | Reached skill level 1 in Air Magic
 12463 | Lair:1   | Reached ** piety under Ashenzari
 12485 | Lair:1   | Found a glowing silver altar of Zin.
 12927 | Lair:2   | Found a dark tunnel.
 12933 | Volcano  | Entered a volcano
 13311 | Volcano  | Reached skill level 12 in Long Blades
 13312 | Volcano  | Noticed a centaur warrior
 13319 | Volcano  | Killed a centaur warrior
 13328 | Volcano  | Noticed a red draconian
 13356 | Volcano  | Killed a red draconian
 13356 | Volcano  | Reached XP level 12. HP: 44/106 MP: 17/17
 13430 | Volcano  | Found a radiant altar of Vehumet.
 13779 | Lair:2   | Noticed a seven-headed hydra
 13787 | Lair:2   | Killed a five-headed hydra
 13787 | Lair:2   | Reached skill level 5 in Air Magic
 13942 | Lair:2   | Found a hole to the Spider Nest.
 14320 | Lair:2   | Found a staircase to the Swamp.
 14569 | Lair:2   | Reached skill level 1 in Spellcasting
 15089 | Lair:2   | Reached skill level 10 in Dodging
 15397 | Lair:3   | Reached skill level 1 in Stealth
 15700 | Lair:3   | Identified the +6 quarterstaff of the Illusory Emperors
                  | {vamp, rC- Dex+6}
 15963 | Lair:3   | Noticed Gastronok
 15973 | Lair:3   | Killed Gastronok
 16100 | Lair:3   | Noticed a five-headed hydra
 16109 | Lair:3   | Killed a one-headed hydra
 16458 | Lair:3   | Found a runed translucent door.
 16463 | Lair:3   | Noticed confidenceinterval's ghost (journeyman TrMo)
 16603 | Lair:4   | Noticed a seven-headed hydra
 16618 | Lair:4   | Reached XP level 13. HP: 33/113 MP: 20/20
 16710 | Lair:4   | Reached skill level 13 in Long Blades
 17355 | Lair:4   | Reached *** piety under Ashenzari
 18564 | Lair:4   | Reached skill level 10 in Evocations
 18710 | Lair:5   | Identified a scroll of acquirement
 18847 | Lair:5   | Killed from afar by a rime drake

Levels and vault maps discovered:
D:1:      ldierk_walled_garden, layout_loops_ring, minmay_pentomino_x2
D:2:      layout_rooms, kiku_gazebo_pond_becter, first_ration, uniq_jessica
D:3:      layout_basic
D:4:      layout_rooms, moated_statue, solitary_fountain
D:5:      cheibrodos_fzero, layout_loops_ring
D:6:      layout_layer_cave, lemuel_old_faithful, uniq_duvessa, uniq_grinder,
          uniq_eustachio
D:7:      layout_loops_ring, temple_pool_b, basic_altar
D:8:      layout_loops_ring, basic_altar, uniq_maurice, uniq_erica
D:9:      layout_basic
D:10:     layout_basic, hangedman_fish_farm
D:11:     layout_roguey, grunt_lair_entry_orc_guard_hut, chequers_hall_statues_y
Temple:   regret_index_temple_sigil_plot
Lair:1:   layout_roguey, basic_altar, grunt_megastairs_4, serial_bayou_shore_a
Lair:2:   layout_gridlike, skrybe_swamp_entry_bodies, spider_nest_entry_webs,
          gauntlet_entry_generic, nicolae_volcano_entry_s_turn,
          minmay_shattered_shrine
Lair:3:   layout_loops_ring, ebering_ghost_reflecting_pool,
          nicolae_quartered_pool_super, uniq_gastronok
Lair:4:   lemuel_slime, layout_regular_city
Lair:5:   layout_gridlike, slime_altar_1, special_room
          [special_room_mythical_zoo]

Skill      XL: |  1  2  3  4  5  6  7  8  9 10 11 12 13 |
---------------+----------------------------------------+-----
Throwing       | 2 |  2.0
Dodging        | 3 4 5 6 7 8 9 10 | 10.0
Fighting       | 3 4 5 6 8 9 10 | 10.1
Long Blades    | 4 5 6 7 8 10 11 12 13 | 13.3
Evocations     | 2 5 7 9 10 | 10.2
Air Magic      | 4 6 7 |  7.9
Spellcasting   | 3 4 |  4.9
Stealth        | 3 4 |  4.7

Action                   |  1- 3 |  4- 6 |  7- 9 | 10-12 | 13-15 || total
-------------------------+-------+-------+-------+-------+-------++-------
Melee: Long sword        |   105 |   166 |   222 |   285 |       ||   778
       Tailslap          |    16 |    22 |    21 |    84 |    43 ||   186
       Scimitar          |       |       |       |   173 |   180 ||   353
Invok: Curse Item        |       |       |     1 |     2 |       ||     3
 Abil: Breathe Steam     |       |       |    20 |    31 |     5 ||    56
Evoke: Wand              |       |     3 |     1 |    16 |     7 ||    27
  Use: Scroll            |       |     6 |    12 |    10 |     7 ||    35
       Potion            |       |       |       |     3 |     3 ||     6
 Stab: Sleeping          |       |     1 |       |     4 |     1 ||     6
       Distracted        |       |       |       |       |     1 ||     1
  Eat: Chunk             |       |     5 |     7 |    19 |     3 ||    34
       Ration            |       |     1 |     3 |     3 |     2 ||     9
Armor: Skin              |    34 |    31 |    79 |   132 |    91 ||   367
Dodge: Dodged            |    92 |   105 |   170 |   398 |   120 ||   885
       Rpst.: Long sword |    28 |    24 |    46 |    71 |       ||   169
       Scimitar          |       |       |       |    33 |    37 ||    70

Table legend:
 A = Non-vault XP
 B = Vault XP
 C = Vault XP percentage of total XP
 D = Non-vault monster count
 E = Vault monster count
 F = Vault count percentage of total count
                 A         B        C        D         E       F
            +---------+---------+-------+---------+---------+-------
      Total |   33225 |   18958 |  36.3 |     274 |      88 |  24.3
            +---------+---------+-------+---------+---------+-------
        D:1 |      34 |       8 |  19.0 |      20 |       2 |   9.1
        D:2 |     107 |      37 |  25.7 |      31 |       1 |   3.1
        D:3 |     168 |       0 |   0.0 |      18 |       0 |   0.0
        D:4 |     567 |       0 |   0.0 |      20 |       0 |   0.0
        D:5 |       7 |     454 |  98.5 |       3 |      11 |  78.6
        D:6 |     247 |     657 |  72.7 |       4 |       4 |  50.0
        D:7 |    1210 |       0 |   0.0 |      24 |       0 |   0.0
        D:8 |     687 |    1161 |  62.8 |      16 |       2 |  11.1
        D:9 |     697 |       0 |   0.0 |       9 |       0 |   0.0
       D:10 |     880 |     293 |  25.0 |      14 |       1 |   6.7
       D:11 |    3161 |     331 |   9.5 |      17 |       3 |  15.0
     Lair:1 |    4720 |     912 |  16.2 |      22 |       4 |  15.4
     Lair:2 |    3920 |    4167 |  51.5 |      18 |      14 |  43.8
     Lair:3 |    6654 |    2234 |  25.1 |      25 |       1 |   3.8
     Lair:4 |    9266 |     879 |   8.7 |      29 |      15 |  34.1
     Lair:5 |     900 |    3184 |  78.0 |       4 |       9 |  69.2
    Volcano |       0 |    4641 | 100.0 |       0 |      21 | 100.0
            +---------+---------+-------+---------+---------+-------
